 Dungeon Crawl Stone Soup version 0.32-a0-643-ga006e7742e (webtiles) character file.

Game seed: 6172406525430562477

557 ytrimaz the Grave Robber (level 7, -1/50 HPs)
             Began as a Mountain Dwarf Necromancer on Mar 7, 2024.
             Slain by a troll (2 damage)
             ... on level 5 of the Dungeon on Mar 8, 2024.
             The game lasted 00:09:23 (5027 turns).

ytrimaz the Grave Robber (MDNe)                     Turns: 5027, Time: 00:09:23

Health: -1/50      AC:  9    Str: 10    XL:     7   Next: 9%
Magic:  6/12       EV:  9    Int: 18    God:
Gold:   169        SH:  0    Dex: 16    Spells: 4/13 levels left

rFire   . . .        g - +1 hand axe (venom)
rCold   . . .        (no shield)
rNeg    . . .        o - +2 scale mail {rPois}
rPois   +            (no helmet)
rElec   .            (no cloak)
rCorr   .            (no gloves)
SInv    .            (no boots)
Will    .....        j - amulet of magic regeneration
Stlth   +            h - +6 ring of dexterity
HPRegen 0.28/turn    m - ring of poison resistance
MPRegen 0.53/turn

%: no passive effects
@: no status effects
A: runic magic, artefact enchanting
a: no special abilities


You were on level 5 of the Dungeon.
You visited 1 branch of the dungeon, and saw 5 of its levels.

You collected 169 gold pieces.


Innate Abilities, Weirdness & Mutations

Your spellcasting is much less encumbered by armour.
You can use scrolls of enchantment on lesser artefacts.


   Skills:
 + Level 1.4 Axes
 + Level 4.3 Armour
 - Level 1.3 Dodging
 - Level 1.4 Stealth
 + Level 3.8 Spellcasting
 + Level 6.3 Necromancy
 + Level 1.2 Earth Magic


You had 4 spell levels left.
You knew the following spells:

 Your Spells              Type           Power      Damage    Failure   Level
a - Necrotise             Necr           100%       1d9       1%          1
b - Vampiric Draining     Necr           26%        2d7       4%          3
c - Borgnjor's Vile Clut  Necr/Erth      8%         N/A       80%         5

Your spell library contained the following spells:

 Spells                   Type           Power      Damage    Failure   Level
 Animate Dead             Necr           26%        N/A       17%         4
 Magic Dart               Conj           12%        1d3       24%         1
 Blink                    Tloc           6%         N/A       34%         2
 Call Imp                 Summ           6%         N/A       34%         2
 Jinxbite                 Hex            6%         N/A       34%         2
 Ozocubu's Armour         Ice            3%         N/A       56%         3
 Curse of Agony           Necr           26%        N/A       43%         5
 Death Channel            Necr           13%        N/A       95%         6
 Metabolic Englaciation   Hex/Ice        1%         N/A       100%        5
 Yara's Violent Unravell  Hex/Alch       1%         3d3       100%        5
 Sculpt Simulacrum        Ice/Alch       1%         N/A       100%        6
 Enfeeble                 Hex            1%         N/A       100%        7

Inventory:

Hand Weapons
 c - a +1 hand axe of holy wrath
   (You took it off an orc on level 3 of the Dungeon)
 g - a +1 hand axe of venom (weapon)
   (You took it off an orc on level 4 of the Dungeon)
Armour
 a - a +0 robe
 o - a +2 scale mail of poison resistance (worn)
   (You found it on level 5 of the Dungeon)
Jewellery
 h - a +6 ring of dexterity (left hand)
   (You found it on level 1 of the Dungeon)
 j - an amulet of magic regeneration (around neck)
   (You found it on level 1 of the Dungeon)
 m - a ring of poison resistance (right hand)
   (You found it on level 4 of the Dungeon)
 p - an amulet of the acrobat
   (You found it on level 5 of the Dungeon)
Wands
 e - a wand of flame (12)
   (You found it on level 3 of the Dungeon)
Scrolls
 d - 2 scrolls of fear
 i - a scroll of teleportation
 n - a scroll of revelation
Potions
 b - a potion of magic
 f - a potion of heal wounds
 k - a potion of lignification

Dungeon Overview and Level Annotations

Branches:
Dungeon (5/15) Zot: 24959  Temple (0/1) D:4

Altars:

Shops:
D:1

:!(*[ .....
#......#......# #.
.....###......#......# #.
..............#......# #.
###...........+......###.
##....................#.
.........####..........#.
.........## #..........#.
..........# #............
........@.# #............
........T.###......>.....
##......................
#......................
#......................
#......................
#......................
#............####....[.
..... #......


You could see a troll (very poisoned).


Message History

Your orc priest skeleton closely misses the orc.
The orc hits your orc priest skeleton with a +0 club.
Your Axes skill increases to level 1!
Your Earth Magic skill increases to level 1!
You have reached level 7! 😕 HP[+5] MP[+1]
You now have 50 max hp (+5).
You regained 5 hp, and now have 41/50 hp.
Unknown command.
Your orc priest skeleton hits the orc but does no damage.
The orc hits you but does no damage.
Things that are here:
a +0 dire flail; a +0 plate armour; an orc corpse You hit the orc.
The orc is poisoned.
The orc barely misses you.
Your orc priest skeleton hits the orc but does no damage. 😕 HP[+1] MP[+1]
You barely miss the orc.
You kill the orc! 😕 MP[+1]
Your mp is fully restored (12).
Unknown command.
You now have 169 gold pieces (gained 24).
Things that are here:
a +0 club; a +0 scale mail; an orc corpse Your orc priest skeleton crumbles into dust!
You open the door.
There is an open door here.
Key pressed, stopping explore.
You open the door.
There is an open door here.
Key pressed, stopping explore.
You see here a +0 short sword.
A troll comes into view.
The troll shouts! 😎 HP[+8]
Your hp is fully restored (50).
A troll is nearby!
A troll is nearby!
Okay, then.
Unknown command.
Aiming: Necrotise (safe; 1% risk of failure)
Press: ? - help, Q - select action, (/) - cycle Shift-Dir - straight line, f - troll
Aim: a troll (chance to affect: 83%)
The troll writhes in agony. 😎 MP[-1]
You lost 1 mp, and now have 11/12 mp.
Aiming: Necrotise (safe; 1% risk of failure)
Press: ? - help, Q - select action, (/) - cycle Shift-Dir - straight line, f/p - troll
Aim: a troll (lightly wounded, chance to affect: 83%)
The troll writhes in agony!
Aiming: Necrotise (safe; 1% risk of failure)
Press: ? - help, Q - select action, (/) - cycle Shift-Dir - straight line, f/p - troll
Aim: a troll (moderately wounded, chance to affect: 83%)
The troll barely resists. 😎 MP[-1]
You lost 1 mp, and now have 10/12 mp.
Aiming: Necrotise (safe; 1% risk of failure)
Press: ? - help, Q - select action, (/) - cycle Shift-Dir - straight line, f/p - troll
Aim: a troll (moderately wounded, chance to affect: 83%)
The troll writhes in agony.
The troll bites you! The troll claws you!
The troll claws you but does no damage. 😮 HP[-23]
You take 23 damage, and now have 27/50 hp.
MASSIVE DAMAGE!! (PAUSE)
You hit the troll.
The troll is poisoned.
The troll bites you but does no damage. The troll closely misses you.
The troll claws you.
* * * LOW HITPOINT WARNING * * *
The troll bites you but does no damage. The troll claws you.
* * * LOW HITPOINT WARNING * * *
The troll claws you but does no damage. 😨 HP[-11] MP[+1]
You take 11 damage, and now have 16/50 hp.
MASSIVE DAMAGE!! (PAUSE)
You barely miss the troll. The troll bites you but does no damage.
The troll closely misses you. The troll claws you but does no damage.
Unknown command.
Casting: Necrotise (safe; 1% risk of failure)
Confirm with . or Enter, or press ? or * to list all spells.
Aiming: Vampiric Draining (dangerous; 4% risk of failure)
Press: ? - help, Shift-Dir - straight line, f/p - troll
Aim: a troll (heavily wounded, very poisoned)
You draw life force from the troll!
You feel life coursing into your body. The troll bites you!
* * * LOW HITPOINT WARNING * * *
The troll claws you but does no damage.
The troll completely misses you. 😱 HP[-7] MP[-2]
You take 7 damage, and now have 9/50 hp.
You lost 2 mp, and now have 9/12 mp.
Casting: Vampiric Draining (dangerous; 4% risk of failure)
Confirm with . or Enter, or press ? or * to list all spells.
Aiming: Vampiric Draining (dangerous; 4% risk of failure)
Press: ? - help, Shift-Dir - straight line, f/p - troll
Aim: a troll (severely wounded, very poisoned)
You draw life force from the troll.
You feel life coursing into your body. The troll bites you!
* * * LOW HITPOINT WARNING * * *
The troll barely misses you. The troll claws you.
You die...

Skill      XL: |  1  2  3  4  5  6 |
---------------+-------------------+-----
Spellcasting   | 2 3 |  3.8
Armour         | 1 2 3 4 |  4.3
Necromancy     | 5 6 |  6.3
Axes           | 1 |  1.4
Earth Magic    | 1 |  1.2
Dodging        | |  1.3
Stealth        | |  1.4

Action                     |  1- 3 |  4- 6 |  7- 9 || total
---------------------------+-------+-------+-------++-------
  Melee: Unarmed           |    29 |     1 |       ||    30
         Hand axe          |       |    47 |     4 ||    51
   Cast: Necrotise         |    60 |    65 |     4 ||   129
         Vampiric Draining |       |    11 |     2 ||    13
    Use: Scroll            |     5 |     3 |       ||     8
   Stab: Sleeping          |       |     2 |       ||     2
 Armour: Robe              |    26 |    39 |       ||    65
         Scale mail        |       |    22 |    15 ||    37
  Dodge: Dodged            |    26 |    41 |     5 ||    72

Levels and vault maps discovered:
D:1:      lightli_molten_gateway, layout_basic, serial_shops,
          nicolae_shop_behind_doors, shop, shop, nicolae_shop_peninsula,
          shop_fountains
D:2:      layout_loops_corners, dreamdust_princess_corridor, roderic_lattice_a,
          kennysheep_boxes
D:3:      layout_basic
D:4:      layout_basic, temple_garden
D:5:      layout_basic

Notes
Turn   | Place    | Note
-------+----------+-------------------------------------------
     0 | D:1      | ytrimaz the Mountain Dwarf Necromancer began the quest for
                  | the Orb.
     0 | D:1      | Reached XP level 1. HP: 14/14 MP: 3/3
     0 | D:1      | magus.rc [v1.9.6]
   119 | D:1      | Found Qudusch's Armour Boutique.
   167 | D:1      | Reached skill level 2 in Spellcasting
   223 | D:1      | You pick up a book of Winter and begin reading...
   223 | D:1      | You add the spells Ozocubu's Armour, Metabolic Englaciation
                  | and Sculpt Simulacrum to your library.
   234 | D:1      | Reached XP level 2. HP: 20/20 MP: 1/5
   288 | D:1      | Found Karig's Assorted Antiques.
   306 | D:1      | Reached skill level 1 in Armour
   377 | D:1      | HP: 5/20 [hobgoblin (5)]
   599 | D:1      | You pick up a book of Unlife and begin reading...
   599 | D:1      | You add the spells Borgnjor's Vile Clutch and Death Channel
                  | to your library.
   645 | D:1      | Found Xuadoz's Antique Weapon Boutique.
   653 | D:1      | Found Tegore's Distillery.
   797 | D:1      | Found Oreme's Book Emporium.
   805 | D:1      | magus.rc [v1.9.6]
   858 | D:1      | Reached XP level 3. HP: 26/26 MP: 2/6
  1457 | D:2      | You pick up a book of Minor Magic and begin reading...
  1457 | D:2      | You add the spells Magic Dart, Blink and Call Imp to your
                  | library.
  1476 | D:2      | Reached skill level 2 in Armour
  1476 | D:2      | Reached skill level 5 in Necromancy
  1498 | D:2      | Reached XP level 4. HP: 17/33 MP: 7/7
  2423 | D:3      | Learned a level 3 spell: Vampiric Draining
  3465 | D:4      | You pick up a book of Misfortune and begin reading...
  3465 | D:4      | You add the spells Jinxbite, Yara's Violent Unravelling and
                  | Enfeeble to your library.
  3467 | D:4      | Noticed a scorpion
  3475 | D:4      | Killed a scorpion
  3476 | D:4      | Reached skill level 3 in Armour
  3476 | D:4      | Reached skill level 3 in Spellcasting
  3476 | D:4      | Reached XP level 5. HP: 38/38 MP: 5/9
  3496 | D:4      | Noticed an angel
  3544 | D:4      | Found a staircase to the Ecumenical Temple.
  3560 | D:4      | Noticed a rust devil
  3822 | D:4      | HP: 9/38 [poisoned by an orc wizard]
  4007 | D:4      | Upgraded the game from 0.32-a0-630-g46d191b0ed to
                  | 0.32-a0-643-ga006e7742e
  4007 | D:4      | magus.rc [v1.9.6]
  4007 | D:4      | magus.rc [v1.9.6]
  4410 | D:5      | Entered Level 5 of the Dungeon
  4415 | D:5      | Reached XP level 6. HP: 45/45 MP: 8/10
  4541 | D:5      | Reached skill level 4 in Armour
  4541 | D:5      | Reached skill level 6 in Necromancy
  4547 | D:5      | Learned a level 5 spell: Borgnjor's Vile Clutch
  4894 | D:5      | Noticed an orc warrior
  4903 | D:5      | Killed an orc warrior
  4904 | D:5      | Reached skill level 1 in Axes
  4904 | D:5      | Reached skill level 1 in Earth Magic
  4904 | D:5      | Reached XP level 7. HP: 41/50 MP: 10/12
  5018 | D:5      | Noticed a troll
  5026 | D:5      | HP: 9/50 [troll (12)]
  5027 | D:5      | HP: 1/50 [troll (10)]
  5027 | D:5      | Slain by a troll

Vanquished Creatures
  An orc warrior (D:5)
  An ogre (D:5)
  A scorpion (D:4)
  A jelly (D:5)
  2 orc priests
  A sleepcap (D:5)
  An orc wizard (D:4)
  9 adders
  A shadow imp (D:5)
  4 dart slugs
  A ribbon worm (D:3)
  13 orcs
  5 ball pythons
  2 bats (D:1)
  6 endoplasms
  5 giant cockroaches
  3 goblins
  6 hobgoblins
  2 jackals (D:1)
  4 quokkas
  5 frilled lizards
  A kobold (D:3)
  7 rats
82 creatures vanquished.

Vanquished Creatures (collateral kills)
  An endoplasm (D:2)
  2 goblins
  A kobold (D:2)
4 creatures vanquished.

Grand Total: 86 creatures vanquished

Table legend:
 A = Non-vault XP
 B = Vault XP
 C = Vault XP percentage of total XP
 D = Non-vault monster count
 E = Vault monster count
 F = Vault count percentage of total count
                 A         B        C        D         E       F
            +---------+---------+-------+---------+---------+-------
      Total |     797 |       0 |   0.0 |      86 |       0 |   0.0
            +---------+---------+-------+---------+---------+-------
        D:1 |      56 |       0 |   0.0 |      30 |       0 |   0.0
        D:2 |      63 |       0 |   0.0 |      15 |       0 |   0.0
        D:3 |      28 |       0 |   0.0 |      12 |       0 |   0.0
        D:4 |     222 |       0 |   0.0 |      18 |       0 |   0.0
        D:5 |     428 |       0 |   0.0 |      11 |       0 |   0.0
            +---------+---------+-------+---------+---------+-------

Skill      XL: |  1  2  3  4  5  6 |
---------------+-------------------+-----
Spellcasting   | 2 3 |  3.8
Armour         | 1 2 3 4 |  4.3
Necromancy     | 5 6 |  6.3
Axes           | 1 |  1.4
Earth Magic    | 1 |  1.2
Dodging        | |  1.3
Stealth        | |  1.4

Action                     |  1- 3 |  4- 6 |  7- 9 || total
---------------------------+-------+-------+-------++-------
  Melee: Unarmed           |    29 |     1 |       ||    30
         Hand axe          |       |    47 |     4 ||    51
   Cast: Necrotise         |    60 |    65 |     4 ||   129
         Vampiric Draining |       |    11 |     2 ||    13
    Use: Scroll            |     5 |     3 |       ||     8
   Stab: Sleeping          |       |     2 |       ||     2
 Armour: Robe              |    26 |    39 |       ||    65
         Scale mail        |       |    22 |    15 ||    37
  Dodge: Dodged            |    26 |    41 |     5 ||    72

Illustrated notes

Table legend:
 A = Kills in this place as a percentage of kills in the entire game.
 B = Kills by you in this place as a percentage of kills by you in the entire game.
 C = Kills by friends in this place as a percentage of kills by friends in the entire game.
 D = Other kills in this place as a percentage of other kills in the entire game.
 E = Experience gained in this place as a percentage of experience gained in the entire game.
 F = Experience gained in this place divided by the number of levels of this place that you have seen.
                   A       B       C       D       E      F
               +-------+-------+-------+-------+-------+----------------------
         Total | 100.0 | 100.0 | 100.0 |   N/A | 100.0 | 159.4
       Dungeon | 100.0 | 100.0 | 100.0 |   N/A | 100.0 | 159.4
               +-------+-------+-------+-------+-------+----------------------

Table legend: (Time is in decaauts)
 A = Elapsed time spent in this place.
 B = Non-inter-level travel time spent in this place.
 C = Inter-level travel time spent in this place.
 D = Time resting spent in this place.
 E = Time spent auto-exploring this place.
 F = Levels seen in this place.
 G = Mean time per level.
                   A        B        C        D        E       F      G
               +--------+--------+--------+--------+--------+-----+--------+
         Total |   5039 |   4924 |    115 |    364 |   3939 |   5 | 1007.8 |
       Dungeon |   5039 |   4924 |    115 |    364 |   3939 |   5 | 1007.8 |
               +--------+--------+--------+--------+--------+-----+--------+

Top non-repeatable levels by time:
     D:1: 1296 daAuts
     D:4: 1123 daAuts
     D:2: 1069 daAuts
     D:3: 925 daAuts
     D:5: 624 daAuts
